 Dungeon Crawl Stone Soup version 0.27-a0-366-g8badd94918 (webtiles) character file.

Game seed: 7923971332785941001

273163 gimp the Eclecticist (level 19, -20/88 HPs)
             Began as a Spriggan Fire Elementalist on Feb 17, 2021.
             Was the Champion of Vehumet.
             Killed from afar by a frost giant (69 damage)
             ... with a bolt of cold
             ... on level 3 of the Vaults.
             The game lasted 02:16:42 (57629 turns).

gimp the Eclecticist (Spriggan Fire Elementalist)  Turns: 57629, Time: 02:16:43

Health: -20/88     AC: 11    Str:  4    XL:     19   Next: 49%
Magic:  34/44      EV: 34    Int: 36    God:    Vehumet [******]
Gold:   2892       SH: 15    Dex: 18    Spells: 11/58 levels left

rFire    . . .     SeeInvis +   b - +7 quick blade of Iwoclez {flame, +Fly rC- Int+8 Dex+3}
rCold    x . .     Faith    .   g - +2 buckler
rNeg     . . .     Spirit   .   U - +5 robe of Night {Dark Will+ SInv}
rPois    .         Reflect  +   (helmet restricted)
rElec    .         Harm     .   (no cloak)
rCorr    .         Rampage  .   (gloves unavailable)
Will     +++++                  (boots unavailable)
Stlth    +++++.....             i - amulet of reflection
HPRegen  0.24/turn              t - ring of the Mage {Wiz Will++ Int+3}
MPRegen  0.29/turn              A - +4 ring of protection

@: studying Dodging, very quick
A: very small, unfitting armour, see invisible, speed 3
}: 2/15 runes: barnacled, gossamer
a: Renounce Religion, Evoke Flight


You were on level 3 of the Vaults.
You worshipped Vehumet.
Vehumet was exalted by your worship.
You visited 6 branches of the dungeon, and saw 34 of its levels.
You also visited: Ice Cave.

You collected 4056 gold pieces.
You spent 1164 gold pieces at shops.

Inventory:

Hand Weapons
 a - the +8 rapier "Maoluxig" {flame, rF+ Dex+2}
   (You bought it in a shop on level 6 of the Dungeon)

   It has been specially enchanted to burn those struck by it, causing extra
   injury to most foes and up to half again as much damage against particularly
   susceptible opponents.
   It affects your dexterity (+2).
   It protects you from fire.
 b - the +7 quick blade of Iwoclez (weapon) {flame, +Fly rC- Int+8 Dex+3}
   (You bought it in a shop on level 6 of the Dungeon)

   It has been specially enchanted to burn those struck by it, causing extra
   injury to most foes and up to half again as much damage against particularly
   susceptible opponents.
   It affects your intelligence (+8).
   It affects your dexterity (+3).
   It makes you vulnerable to cold.
   It lets you fly.
 K - the +2 spear of the Real Monster {venom, rF+ rC+ Int-2}
   (You found it on level 12 of the Dungeon)

   It poisons the flesh of those it strikes.
   It affects your intelligence (-2).
   It protects you from fire.
   It protects you from cold.
Missiles
 s - 133 poisoned darts
 y - 8 throwing nets
 M - 8 curare-tipped darts
Armour
 g - a +2 buckler (worn)
 T - a +1 robe of fire resistance
 U - the +5 robe of Night (worn) {Dark Will+ SInv}
   (You found it on level 4 of the Shoals)

   It affects your willpower, your defense against some magical effects.
   It lets you see invisible.
Jewellery
 e - a ring of protection from cold
 i - an amulet of reflection (around neck)
 t - the ring of the Mage (left hand) {Wiz Will++ Int+3}
   (You found it on level 5 of the Dungeon)

   [ring of wizardry]

   It improves your spell success rate.
   It affects your intelligence (+3).
   It affects your willpower, your defense against some magical effects.
 w - a ring of fire
 A - a +4 ring of protection (right hand)
 O - a ring of protection from cold
 Q - a +4 ring of evasion
 R - the ring "Pol Weij" {rPois rCorr Str+3 Slay-6}
   (You found it on level 15 of the Dungeon)

   [ring of resist corrosion]

   It affects your strength (+3).
   It affects your accuracy and damage with ranged weapons and melee attacks
   (-6).
   It protects you from poison.
   It provides partial protection from all sources of acid and corrosion.
 S - an amulet of magic regeneration
 W - a ring of ice
Wands
 h - a wand of flame (59)
 q - a wand of digging (20)
 u - a wand of iceblast (9)
 B - a wand of acid (11)
 C - a wand of paralysis (4)
 V - a wand of polymorph (20)
Scrolls
 d - 7 scrolls of amnesia
 f - 6 scrolls of fear
 k - 3 scrolls of enchant weapon
 l - 20 scrolls of identify
 n - 5 scrolls of enchant armour
 x - 4 scrolls of holy word
 G - 5 scrolls of magic mapping
 I - 4 scrolls of blinking
 J - 9 scrolls of teleportation
 N - 3 scrolls of fog
Potions
 c - 11 potions of heal wounds
 j - 5 potions of flight
 o - 6 potions of cancellation
 p - a potion of haste
 r - 7 potions of ambrosia
 v - 4 potions of brilliance
 z - 11 potions of curing
 D - 3 potions of invisibility
 E - 2 potions of might
 F - 2 potions of magic
 H - 3 potions of resistance
 P - 7 potions of mutation
Miscellaneous
 m - a box of beasts
 L - a tin of tremorstones (2/2)


   Skills:
 - Level 5.0 Fighting
 - Level 10.0 Short Blades
 - Level 4.0 Armour
 + Level 16.8 Dodging
 + Level 11.3 Stealth
 - Level 7.2 Shields
 + Level 20.0 Spellcasting
 - Level 7.0 Conjurations
 - Level 10.0 Hexes
 - Level 16.0 Fire Magic
 - Level 6.0 Earth Magic
 - Level 8.0 Poison Magic


You had 11 spell levels left.
You knew the following spells:

 Your Spells              Type           Power        Failure   Level
a - Bolt of Magma         Conj/Fire/Erth 40%          1%          5
b - Sticky Flame          Conj/Fire      87%          1%          4
c - Searing Ray           Conj           100%         1%          2
d - Fireball              Conj/Fire      43%          1%          5
e - Foxfire               Conj/Fire      100%         0%          1
f - Olgreb's Toxic Radia  Pois           76%          1%          4
g - Apportation           Tloc           72%          1%          1
h - Invisibility          Hex            83%          1%          6
i - Ignition              Fire           50%          1%          8
j - Iron Shot             Conj/Erth      35%          1%          6
k - Irradiate             Conj/Tmut      28%          1%          5

Your spell library contained the following spells:

 Spells                   Type           Power        Failure   Level
 Lehudib's Crystal Spear  Conj/Erth      35%          34%         8
 Fire Storm               Conj/Fire      43%          54%         9
 Absolute Zero            Ice            18%          100%        9
 Conjure Flame            Conj/Fire      87%          0%          3
 Inner Flame              Hex/Fire       92%          0%          3
 Freeze                   Ice            100%         1%          1
 Magic Dart               Conj           100%         1%          1
 Sandblast                Erth           100%         1%          1
 Shock                    Conj/Air       100%         1%          1
 Sting                    Tmut/Pois      100%         1%          1
 Passwall                 Tmut/Erth      45%          1%          2
 Poisonous Vapours        Pois/Air       100%         1%          2
 Swiftness                Air            36%          1%          2
 Frozen Ramparts          Ice            72%          1%          3
 Ignite Poison            Fire/Tmut/Pois 76%          1%          3
 Lesser Beckoning         Tloc           18%          1%          3
 Mephitic Cloud           Conj/Pois/Air  64%          1%          3
 Static Discharge         Conj/Air       57%          1%          3
 Stone Arrow              Conj/Erth      100%         1%          3
 Tukima's Dance           Hex            83%          1%          3
 Airstrike                Air            18%          1%          4
 Hailstorm                Conj/Ice       57%          1%          4
 Petrify                  Tmut/Erth      55%          1%          4
 Alistair's Intoxication  Tmut/Pois      40%          1%          5
 Lee's Rapid Deconstruct  Erth           34%          1%          5
 Lightning Bolt           Conj/Air       28%          1%          5
 Summon Mana Viper        Hex/Summ       64%          1%          5
 Freezing Cloud           Conj/Ice/Air   26%          5%          6
 Summon Forest            Summ/Tloc      18%          9%          5
 Shadow Creatures         Summ           N/A          43%         6
 Summon Hydra             Summ           18%          93%         7
 Shatter                  Erth           34%          99%         9
 Tornado                  Air            18%          100%        9


Dungeon Overview and Level Annotations

Branches:
Dungeon (15/15)            Temple (0/1) D:6            Lair (6/6) D:10
 Shoals (4/4) Lair:3       Spider (4/4) Lair:4        Slime (0/5) Lair:5
    Orc (2/2) D:11         Vaults (3/5) D:14          Crypt (0/3) Vaults:2
 Depths (0/5) D:15          IceCv (visited)
    Elf: Orc:2

Altars:
Cheibriados
Elyvilon
Fedhas
Gozag
Kikubaaqudgha
Makhleb
Okawaru
Qazlal
Sif Muna
Trog
Uskayaw
Vehumet
Wu Jian
Zin
The Shining One

Shops:
D:6 (   D:8 (**   D:10 !   D:12 **   Orc:1 ==*=

Annotations:
D:6 exclusion: centaur
D:8 1 transporter
Spider:2 1 runed translucent door, Merghil's ghost, adept SpHu
Orc:2 Azrael


Innate Abilities, Weirdness & Mutations

You are very small and have problems with some larger weapons.
You are too small for most types of armour.
You have supernaturally acute eyesight. (SInv)
You cover ground extremely quickly.


Message History

You see here a +0 hand axe.
There is an open door here.
There is an open door here.
Things that are here:
a +0 plate armour; a +3 great mace of holy wrath; a +0 plate armour
Things that are here:
a +0 great sword; a +0 club
There is an open door here.
Things that are here:
a +0 chain mail; a +0 great mace; a +0 plate armour You see here 4 large rocks.
There is an open door here.
Things that are here:
a +0 spear; a +0 robe
There is a stone staircase leading down here.
You climb downwards.
A frost giant comes into view.
It is wielding a +1 battleaxe of freezing.
Found a quick blade.
There is a stone staircase leading up here.
Casting: Bolt of Magma (safe; 1% risk of failure)
Confirm with . or Enter, or press ? or * to list all spells.
Aiming: Bolt of Magma (safe; 1% risk of failure)
Press: ? - help, Shift-Dir - straight line, f - frost giant
Aim: a frost giant, wielding a +1 battleaxe of freezing (asleep, 0% to evade)
The bolt of magma hits the frost giant!!
The frost giant is moderately wounded.
The frost giant casts a spell at you. The bolt of cold hits you!!!
You feel a terrible chill!
You take 39 damage, and have 49/88 hp.
MASSIVE DAMAGE!!
You now have 39/44 mp.
Casting: Bolt of Magma (safe; 1% risk of failure)
Confirm with . or Enter, or press ? or * to list all spells.
Aiming: Bolt of Magma (safe; 1% risk of failure)
Press: ? - help, Shift-Dir - straight line, f/p - frost giant
Aim: a frost giant, wielding a +1 battleaxe of freezing (moderately wounded, 2% to evade)
The bolt of magma hits the frost giant!!
The frost giant is heavily wounded.
The frost giant points at you and mumbles some strange words.
The bolt of cold hits you!!!
You feel a terrible chill!
Ouch! That really hurt!
You die...

#######+#
#....)..#
#..@....#
#.......#
#.......#
#.......#
#.....C.#
###+#####


You could see a frost giant.

Vanquished Creatures
  Bai Suzhen (Shoals:3)
  Saint Roka (Orc:2)
  Nikola (Shoals:4)
  Kirke (Shoals:3)
  Donald (Spider:1)
  Ilsuiw (Shoals:2)
  2 ghost moths (Spider:4)
  8 vault wardens
  3 ironheart preservers
  7 emperor scorpions
  A stone giant (Vaults:1)
  Nessos (Orc:2)
  4 entropy weavers
  2 spark wasps (Spider:4)
  2 ettins
  6 merfolk javelineers
  5 merfolk impalers
  4 yaktaur captains
  A rakshasa (Vaults:2)
  2 vault guards (Vaults:2)
  3 ice dragons
  6 boulder beetles
  Erolcha (D:11)
  9 hydras
  A catoblepas (Lair:6)
  3 ogre magi
  4 merfolk aquamancers
  2 death knights
  2 merfolk avatars
  7 two-headed ogres
  4 satyrs
  7 centaur warriors
  4 alligator snapping turtles
  8 death scarabs (Spider:4)
  A tengu warrior (D:14)
  An alligator (Shoals:1)
  13 death yaks
  A deep troll shaman (Lair:6)
  Nergalle (Orc:1)
  2 shadow wraiths
  14 skeletal warriors
  An iron troll (D:14)
  A storm dragon skeleton (Vaults:2)
  An unseen horror (shapeshifter) (Vaults:1)
  A sea snake (shapeshifter) (Vaults:1)
  11 sea snakes
  A glowing orange brain (Vaults:1)
  4 unseen horrors
  3 flayed ghosts
  A kraken simulacrum (Shoals:4)
  2 spectral wolf spiders (Spider:4)
  4 ironbrand convokers
  9 orb spiders
  2 wizards
  19 harpies
  9 orc knights
  Pikel (D:6)
  2 wolf spider zombies
  A deep elf zephyrmancer (D:15)
  A phantasmal warrior (Vaults:1)
  A lindwurm (Lair:6)
  A harpy (shapeshifter) (Vaults:2)
  A necromancer (D:15)
  2 orc sorcerers (Orc:1)
  35 ugly things
  16 wolf spiders
  An oklob plant (Lair:3)
  11 fauns
  3 deep elf pyromancers
  9 manticores
  5 moths of wrath
  9 cyclopes
  14 merfolk sirens
  18 elephants
  8 black mambas
  A stone giant skeleton (Vaults:2)
  An ice statue (Lair:6)
  2 fire giant skeletons (Vaults:2)
  4 water nymphs
  A naga mage (D:15)
  2 gargoyles
  2 torpor snails
  8 cane toads
  4 vault sentinels
  An eye of devastation (Lair:5)
  A rime drake (shapeshifter) (D:14)
  4 rime drakes
  23 yaktaurs
  4 freezing wraiths
  An efreet (D:14)
  8 komodo dragons
  13 demonic crawlers
  3 spectral redbacks (Spider:4)
  A yaktaur (shapeshifter) (Vaults:1)
  A yaktaur skeleton (Vaults:2)
  3 redback zombies (Spider:4)
  17 jumping spiders
  A tengu conjurer (D:14)
  3 meliai (D:13)
  21 merfolk
  5 polar bears
  5 spectral jumping spiders (Spider:4)
  A meliai (shapeshifter) (D:14)
  11 hornets
  8 trolls
  3 wind drakes
  A spectral tarantella (Spider:4)
  8 dream sheep
  13 snapping turtles
  17 blink frogs
  2 jumping spider zombies (Spider:4)
  3 tarantella zombies (Spider:4)
  6 slime creatures
  2 centaur simulacra (D:15)
  7 water elementals
  2 spriggans (Lair:1)
  2 shadows
  60 redbacks
  2 vampires
  28 tarantellas
  47 yaks
  2 wraiths
  5 fire elementals (Orc:2)
  5 wyverns
  5 hogs (Shoals:3)
  5 basilisks
  Grum (D:10)
  A steam dragon (Shoals:1)
  5 vampire mosquitoes
  Menkaure (D:6)
  A naga (shapeshifter) (Vaults:2)
  3 acid dragons
  2 wargs
  18 water moccasins
  A floating eye (shapeshifter) (D:14)
  A soldier ant (shapeshifter) (Vaults:2)
  A hell hound (Orc:2)
  A spectral hornet (Spider:4)
  30 orc warriors
  A deep troll skeleton (Vaults:2)
  2 sky beasts
  A hornet zombie (Spider:4)
  15 ice beasts
  A boggart (D:13)
  3 black bears
  An eye of draining (Lair:5)
  21 ogres
  3 human skeletons (Vaults:2)
  11 centaurs
  18 wolves
  2 orc skeletons (Vaults:2)
  A phantom (D:13)
  5 kobold brigands
  17 bullfrogs
  Blork the orc (D:5)
  A wyvern skeleton (D:15)
  2 scorpions
  An orc simulacrum (Vaults:1)
  2 human simulacra (Vaults:1)
  22 wights
  5 electric eels
  2 howler monkeys (D:11)
  3 bullfrog zombies
  A quasit (D:12)
  6 centaur zombies
  7 hounds
  12 jellies
  18 orc priests
  6 centaur skeletons
  5 iguanas
  10 worker ants
  Ijyb (D:5)
  30 orc wizards
  3 hound skeletons
  3 worker ant zombies
  2 howler monkey zombies
  9 adders
  A shadow imp (D:8)
  2 white imps
  An ufetubus (D:10)
  9 oozes
  2 worms
  A dart slug (D:2)
  6 leopard geckos
  102 orcs
  2 ball pythons
  12 bats
  2 bat zombies (D:4)
  9 giant cockroaches
  4 hobgoblins
  13 jackals
  17 kobolds
  4 quokkas
  7 frilled lizards
  6 goblins
  A jackal skeleton (D:8)
  13 rats
  A rat zombie (D:4)
1276 creatures vanquished.

Vanquished Creatures (collateral kills)
  A merfolk avatar (Shoals:2)
  A merfolk aquamancer (Shoals:2)
2 creatures vanquished.

Vanquished Creatures (others)
  Snorg (Orc:2)
  A merfolk aquamancer (Shoals:2)
  An orc warrior (Orc:2)
  An orc (Orc:2)
  A bush (Lair:6)
  702 foxfires
  51 fungi
  199 plants
  4 tentacles (Shoals:4)
  2 withered plants (Spider:2)
963 creatures vanquished.

Grand Total: 2241 creatures vanquished

Notes
Turn   | Place    | Note
-------+----------+-------------------------------------------
     0 | D:1      | gimp the Spriggan Fire Elementalist began the quest for the
                  | Orb.
     0 | D:1      | Reached XP level 1. HP: 9/9 MP: 5/5
   190 | D:1      | Reached skill level 3 in Spellcasting
   190 | D:1      | Reached skill level 1 in Conjurations
   193 | D:1      | Reached XP level 2. HP: 13/13 MP: 0/7
   795 | D:1      | Reached XP level 3. HP: 16/16 MP: 3/8
  1431 | D:2      | Found a radiant altar of Vehumet.
  1435 | D:2      | Found a shimmering blue altar of Sif Muna.
  1435 | D:2      | Found a burning altar of Makhleb.
  1444 | D:2      | Became a worshipper of Vehumet
  1829 | D:2      | Found a white marble altar of Elyvilon.
  2231 | D:3      | Reached XP level 4. HP: 21/21 MP: 4/10
  2451 | D:3      | Reached skill level 4 in Spellcasting
  2710 | D:3      | Learned a level 4 spell: Sticky Flame
  2725 | D:3      | Found an opulent altar of Gozag.
  2820 | D:3      | Reached * piety under Vehumet
  2820 | D:3      | Offered knowledge of Sandblast by Vehumet.
  2826 | D:3      | Reached XP level 5. HP: 24/24 MP: 6/12
  3762 | D:4      | Noticed an orc warrior
  3798 | D:4      | Killed an orc warrior
  3799 | D:4      | Reached XP level 6. HP: 29/29 MP: 6/14
  3963 | D:4      | Reached skill level 5 in Spellcasting
  4101 | D:4      | Found a stormy altar of Qazlal.
  4287 | D:4      | Found an ancient bone altar of Kikubaaqudgha.
  4448 | D:5      | Entered Level 5 of the Dungeon
  4511 | D:5      | Found a blossoming altar of Fedhas.
  4534 | D:5      | Noticed Blork the orc
  4546 | D:5      | Killed Blork the orc
  4691 | D:5      | Reached ** piety under Vehumet
  4691 | D:5      | Offered knowledge of Searing Ray by Vehumet.
  4692 | D:5      | Reached skill level 1 in Fighting
  4711 | D:5      | Learned a level 2 spell: Searing Ray
  5152 | D:5      | Reached XP level 7. HP: 33/33 MP: 10/16
  5306 | D:5      | Noticed Ijyb
  5312 | D:5      | Killed Ijyb
  5372 | D:5      | Found the ring of the Mage {Wiz Will++ Int+3}
  5555 | D:6      | Reached skill level 6 in Spellcasting
  5772 | D:6      | Found a staircase to the Ecumenical Temple.
  5885 | D:6      | Found Eshru's Antique Weapon Shoppe.
  6007 | D:6      | Bought a twisted rapier for 180 gold pieces
  6008 | D:6      | Identified the +8 rapier "Maoluxig" {flame, rF+ Dex+2} (You
                  | bought it in a shop on level 6 of the Dungeon)
  6050 | D:6      | Reached XP level 8. HP: 27/39 MP: 16/19
  6269 | D:6      | Noticed Menkaure
  6279 | D:6      | Killed Menkaure
  6280 | D:6      | Reached skill level 5 in Fire Magic
  6425 | D:6      | Noticed Pikel
  6459 | D:6      | Killed Pikel
  6460 | D:6      | Reached skill level 7 in Spellcasting
  7231 | D:7      | Offered knowledge of Ignite Poison by Vehumet.
  7234 | D:7      | Reached skill level 8 in Spellcasting
  7461 | D:7      | Reached XP level 9. HP: 44/44 MP: 17/22
  7501 | D:7      | Found an ornate altar of the Wu Jian Council.
  7515 | D:7      | Reached skill level 5 in Conjurations
  7925 | D:7      | Reached *** piety under Vehumet
  8120 | D:7      | Noticed a +0 hand axe
  8120 | D:7      | Noticed a +0 hand axe
  8125 | D:7      | Found a hide-covered altar of Uskayaw.
  8429 | D:8      | Found Fulib's Antique Weapon Shop.
  8522 | D:8      | Noticed a cyclops
  8561 | D:8      | Found Pukalaod's Assorted Antiques.
  8579 | D:8      | Learned a level 5 spell: Fireball
  8765 | D:8      | Found a glowing silver altar of Zin.
  8814 | D:8      | Found Mivox's General Store.
  8826 | D:8      | Bought 2 scrolls of fear for 98 gold pieces
  8895 | D:8      | Found a transporter.
  9027 | D:9      | Found a glowing golden altar of the Shining One.
  9027 | D:9      | Found an iron altar of Okawaru.
  9027 | D:9      | Found a snail-covered altar of Cheibriados.
  9167 | D:9      | Reached skill level 9 in Spellcasting
  9302 | D:9      | Found a bloodstained altar of Trog.
 10358 | D:10     | Entered Level 10 of the Dungeon
 10403 | D:10     | Noticed a red ugly thing
 10475 | D:10     | Offered knowledge of Hailstorm by Vehumet.
 10490 | D:10     | Killed a red ugly thing
 10677 | D:10     | Reached XP level 10. HP: 49/49 MP: 18/24
 10774 | D:10     | Noticed a death yak
 10776 | D:10     | Reached skill level 5 in Dodging
 10779 | D:10     | Noticed a death yak
 10942 | D:10     | Noticed Grum
 10945 | D:10     | Reached skill level 10 in Spellcasting
 10945 | D:10     | Killed Grum
 10946 | D:10     | Noticed a death yak
 11081 | D:10     | Noticed a two-headed ogre
 11092 | D:10     | Killed a two-headed ogre
 11203 | D:10     | Found a staircase to the Lair.
 11209 | D:10     | Noticed a manticore
 11305 | D:10     | Killed a manticore
 11305 | D:10     | Reached **** piety under Vehumet
 11458 | D:10     | Offered knowledge of Bolt of Magma by Vehumet.
 11467 | D:10     | Learned a level 5 spell: Bolt of Magma
 11582 | D:10     | Found Besol's Distillery.
 11590 | D:10     | Bought a potion of heal wounds for 70 gold pieces
 11590 | D:10     | Bought a potion of resistance for 140 gold pieces
 11709 | D:10     | Learned a level 4 spell: Olgreb's Toxic Radiance
 11810 | D:10     | Killed a death yak
 11811 | D:10     | Reached skill level 1 in Shields
 11811 | D:10     | Reached skill level 1 in Earth Magic
 11811 | D:10     | Reached skill level 1 in Poison Magic
 12067 | D:10     | Noticed a two-headed ogre
 12070 | D:10     | Killed a two-headed ogre
 12071 | D:10     | Reached XP level 11. HP: 52/52 MP: 15/26
 12341 | D:11     | Noticed Erolcha
 12359 | D:11     | Reached skill level 11 in Spellcasting
 12359 | D:11     | Found a frozen archway.
 12397 | D:11     | Killed Erolcha
 12559 | IceCv    | Entered an ice cave
 12559 | IceCv    | Noticed a white ugly thing
 12566 | IceCv    | Killed a white ugly thing
 12572 | IceCv    | Found a transporter.
 12741 | D:11     | Found a burning altar of Makhleb.
 13448 | D:11     | Found a staircase to the Orcish Mines.
 13640 | D:11     | Noticed a green death
 13924 | D:12     | Found a glowing silver altar of Zin.
 13925 | D:12     | Got a slimy spear
 13969 | D:12     | Identified the +2 spear of the Real Monster {venom, rF+ rC+
                  | Int-2} (You found it on level 12 of the Dungeon)
 13978 | D:12     | Noticed an unseen horror
 13990 | D:12     | Killed an unseen horror
 14300 | D:12     | Reached ***** piety under Vehumet
 14305 | D:12     | Offered knowledge of Spellforged Servitor by Vehumet.
 14492 | D:12     | Found Irghioze's Mass Market.
 14662 | D:12     | Found an ancient bone altar of Kikubaaqudgha.
 14703 | D:12     | Noticed a two-headed ogre
 14774 | D:12     | Killed a two-headed ogre
 14875 | D:12     | Paralysed by a hornet for 1 turns
 14877 | D:12     | Reached skill level 12 in Spellcasting
 14877 | D:12     | Reached skill level 5 in Poison Magic
 15298 | D:12     | Found Rekk's General Store.
 15640 | D:12     | Noticed a green ugly thing
 15652 | D:12     | Killed a green ugly thing
 15653 | D:12     | Reached XP level 12. HP: 56/56 MP: 20/29
 15715 | D:12     | Reached skill level 5 in Earth Magic
 16607 | D:12     | Identified a scroll of acquirement
 16607 | D:12     | Acquired 619 gold pieces
 16820 | D:6      | Bought a fading quick blade for 400 gold pieces
 16821 | D:6      | Identified the +7 quick blade of Iwoclez {flame, +Fly rC-
                  | Int+8 Dex+3} (You bought it in a shop on level 6 of the
                  | Dungeon)
 16965 | D:8      | Bought a scroll of teleportation for 96 gold pieces
 17107 | Orc:1    | Entered Level 1 of the Orcish Mines
 17107 | Orc:1    | Found Iddar's Jewellery Shoppe.
 17107 | Orc:1    | Found Ykhet's Jewellery Shop.
 17576 | D:13     | Noticed an eight-headed hydra
 17580 | D:13     | Killed an eight-headed hydra
 17580 | D:13     | Offered knowledge of Iskenderun's Battlesphere by Vehumet.
 17694 | D:13     | Identified the +0 ring mail of Dishonesty {Harm rC- Will++
                  | SInv}
 17702 | D:13     | Noticed a boulder beetle
 17859 | D:13     | Killed a boulder beetle
 17860 | D:13     | Reached skill level 5 in Shields
 18622 | D:13     | Noticed a centaur warrior
 18940 | D:13     | Reached skill level 13 in Spellcasting
 18944 | D:13     | Noticed a centaur warrior
 18952 | D:13     | Killed a centaur warrior
 18956 | D:13     | Reached skill level 5 in Stealth
 19391 | D:13     | Killed a centaur warrior
 19521 | D:13     | Noticed a boulder beetle
 19843 | D:13     | Noticed a boulder beetle
 19899 | D:13     | Killed a boulder beetle
 19900 | D:13     | Reached XP level 13. HP: 60/60 MP: 9/31
 20353 | Lair:1   | Entered Level 1 of the Lair of Beasts
 20630 | Lair:1   | Found the +8 orange crystal plate armour {Archmagi, Int+3
                  | Clar}
 20831 | Lair:1   | Learned a level 1 spell: Apportation
 20862 | Lair:1   | Learned a level 6 spell: Invisibility
 21089 | Lair:1   | Reached skill level 1 in Hexes
 22088 | Lair:2   | Offered knowledge of Lee's Rapid Deconstruction by Vehumet.
 22109 | Lair:2   | Reached skill level 14 in Spellcasting
 24029 | Lair:3   | Reached skill level 10 in Stealth
 24154 | Lair:3   | Reached skill level 1 in Short Blades
 24221 | Lair:3   | Found a staircase to the Shoals.
 24247 | Lair:3   | Reached skill level 5 in Hexes
 24767 | Lair:3   | Offered knowledge of Orb of Destruction by Vehumet.
 25029 | Lair:3   | Got a translucent lapis lazuli ring
 25031 | Lair:3   | Identified the ring of Fragile Peace {Ice +Blink MP-9 Str+4
                  | Dex+2} (You found it on level 3 of the Lair of Beasts)
 25351 | Lair:4   | Reached XP level 14. HP: 57/65 MP: 6/33
 25678 | Lair:4   | Found a hole to the Spider Nest.
 27198 | Lair:5   | Reached skill level 15 in Spellcasting
 27275 | Lair:5   | Found a staircase to the Slime Pits.
 27327 | Lair:5   | Acquired a book of the Tempests
 27338 | Lair:5   | Learned a level 8 spell: Ignition
 28137 | Lair:6   | Entered Level 6 of the Lair of Beasts
 28149 | Lair:6   | Reached skill level 5 in Short Blades
 28328 | Lair:6   | Offered knowledge of Conjure Ball Lightning by Vehumet.
 30931 | Orc:1    | Reached XP level 15. HP: 68/68 MP: 7/35
 31077 | Orc:1    | Noticed Nergalle
 31098 | Orc:1    | Killed Nergalle
 31454 | Orc:1    | Found Lelacwap's Assorted Antiques.
 31463 | Orc:1    | Bought a scroll labelled UQIASU OQIN for 30 gold pieces
 31463 | Orc:1    | Bought a scroll of teleportation for 90 gold pieces
 31463 | Orc:1    | Bought a scroll of identify for 60 gold pieces
 31529 | Orc:1    | Found Yrateq's Jewellery Boutique.
 31636 | Orc:2    | Entered Level 2 of the Orcish Mines
 31639 | Orc:2    | Noticed Saint Roka
 31657 | Orc:2    | Noticed Nessos
 32058 | Orc:2    | Offered knowledge of Iron Shot by Vehumet.
 32064 | Orc:2    | Reached skill level 10 in Dodging
 32206 | Orc:1    | Learned a level 6 spell: Iron Shot
 32352 | Orc:2    | Killed Nessos
 32507 | Orc:2    | Killed Snorg
 32569 | Orc:2    | Killed Saint Roka
 32570 | Orc:2    | Reached skill level 10 in Fire Magic
 32780 | Orc:2    | Noticed Azrael
 33191 | D:14     | Reached skill level 16 in Spellcasting
 34022 | D:14     | Identified Lojauxynt's Reference Book on the Flamy
                  | Snowflakes
 34591 | D:14     | Found a gate to the Vaults.
 34693 | D:15     | Entered Level 15 of the Dungeon
 34876 | D:15     | Got a coiled turquoise ring
 34940 | D:14     | Identified the ring "Pol Weij" {rPois rCorr Str+3 Slay-6}
                  | (You found it on level 15 of the Dungeon)
 35811 | D:15     | Offered knowledge of Chain Lightning by Vehumet.
 35980 | D:15     | Reached skill level 1 in Armour
 36859 | D:15     | Reached XP level 16. HP: 72/72 MP: 19/37
 36996 | D:15     | Found a staircase to the Depths.
 37631 | Spider:1 | Entered Level 1 of the Spider Nest
 37705 | Spider:1 | Noticed Donald
 37730 | Spider:1 | Killed Donald
 39373 | Spider:2 | Reached skill level 17 in Spellcasting
 39785 | Spider:2 | Found a runed translucent door.
 39786 | Spider:2 | Noticed Merghil's ghost (adept SpHu)
 39893 | Spider:3 | Reached ****** piety under Vehumet
 41029 | Spider:4 | Entered Level 4 of the Spider Nest
 41036 | Spider:4 | Reached skill level 10 in Short Blades
 41369 | Spider:4 | Offered knowledge of Lehudib's Crystal Spear by Vehumet.
 41369 | Spider:4 | Offered knowledge of Fire Storm by Vehumet.
 41369 | Spider:4 | Offered knowledge of Absolute Zero by Vehumet.
 43024 | Spider:4 | Reached XP level 17. HP: 77/77 MP: 22/39
 44037 | Spider:4 | Got a gossamer rune of Zot
 44467 | Shoals:1 | Entered Level 1 of the Shoals
 45110 | Shoals:1 | Reached skill level 5 in Fighting
 45841 | Shoals:1 | Reached skill level 18 in Spellcasting
 46428 | Shoals:2 | Noticed Ilsuiw
 46448 | Shoals:2 | Killed Ilsuiw
 47344 | Shoals:3 | Reached skill level 10 in Hexes
 47713 | Shoals:3 | Noticed Kirke
 47717 | Shoals:3 | Noticed Bai Suzhen
 47720 | Shoals:3 | Killed Kirke
 47724 | Shoals:3 | Killed Bai Suzhen
 47781 | Shoals:3 | Found the +7 great mace "Firestarter" {inner flame, rF++}
 47916 | Shoals:3 | Reached XP level 18. HP: 84/84 MP: 29/41
 48058 | Shoals:3 | Identified the +9 spear of Annihilation {drain, Int+2} (You
                  | found it on level 3 of the Shoals)
 48269 | Shoals:4 | Entered Level 4 of the Shoals
 48449 | Shoals:4 | Identified the +0 pair of gloves of Exteelob {Rampage rN+
                  | Dex+2}
 48449 | Shoals:4 | Noticed Nikola
 48457 | Shoals:4 | Killed Nikola
 48756 | Shoals:4 | Found the +5 robe of Night {Dark Will+ SInv}
 50391 | Shoals:4 | Reached skill level 19 in Spellcasting
 50767 | Shoals:4 | Reached skill level 15 in Fire Magic
 50772 | Shoals:4 | Got a barnacled rune of Zot
 50967 | Shoals:4 | Identified the Tome of Conjuration and Envenoming
 51497 | Vaults:1 | Entered Level 1 of the Vaults
 51505 | Vaults:1 | Learned a level 5 spell: Irradiate
 54030 | Vaults:2 | Reached XP level 19. HP: 88/88 MP: 22/43
 54032 | Vaults:2 | Reached skill level 15 in Dodging
 56798 | Vaults:2 | Reached skill level 20 in Spellcasting
 57537 | Vaults:2 | Found a staircase to the Crypt.
 57629 | Vaults:3 | Killed from afar by a frost giant

Illustrated notes

Levels and vault maps discovered:
D:1:      dpeg_arrival_shrine, layout_basic
D:2:      layout_basic, elyvilon_altar_5, grunt_temple_overflow_open
D:3:      layout_basic, grunt_gozag_breadcrumbs
D:4:      layout_rooms, nicolae_qazlal_general_emergency,
          lemuel_zombie_altar_kikubaaqudgha, minmay_tree_intersection
D:5:      layout_basic, fedhas_altar_4, uniq_ijyb, uniq_blork_the_orc
D:6:      layout_loops_ring, minmay_temple_entry_proselytizer, serial_shops,
          nicolae_shop_waterfront, chequers_arboretum, uniq_menkaure, uniq_pikel
D:7:      minmay_recursive_quarters, layout_loops_corners,
          dancing_weapons_uskayaw, nicolae_overflow_hidden_temple,
          minmay_misc_feat_five
D:8:      gammafunk_the_bubble [the_bubble_gammafunk_crates], layout_rooms,
          lemuel_round_altar, serial_shops, shop, shop, shop
D:9:      layout_basic, gammafunk_temple_overflow_claw, lemuel_round_altar
D:10:     layout_cave_pods, dpeg_lair_monsters, serial_shops, shop,
          moated_statue, uniq_grum
D:11:     layout_basic, orc_david_3, portal_ice_cave_rime, nicolae_wwwww,
          makhleb_altar_promises_db, uniq_erolcha
D:12:     layout_roguey, serial_shops, shop, hangedman_feature_mirror,
          chequers_big_river, minmay_shop_mass, grunt_ministairs_4,
          corexii_hall_statues_deadend
D:13:     minmay_concentric_multi, layout_loops_cross
D:14:     layout_roguey, david_vaults_4, chequers_serial_rivers_room_a,
          hangedman_decor_growths, minmay_misc_feat_columns
D:15:     grunt_enter_depths_magical_seal, layout_loops_cross,
          chequers_decorated_corner
Lair:1:   wad_woods_tower, layout_misc_corridors
Lair:2:   layout_layer_cave, chequers_serial_rivers_large_b
Lair:3:   layout_big_grid, elwin_shoals_entry_stream, minmay_lair_oklob_items
Lair:4:   layout_concentric_octagons, spider_nest_entry_a,
          infiniplex_staircase_pool
Lair:5:   lemuel_slime, layout_regular_city, minmay_slime_entry_eyes
Lair:6:   grunt_lair_end_beastmaster, layout_regular_city, ice2_lemuel
Shoals:1: layout_shoals, nicolae_shoals_siren_and_animal_friends
Shoals:2: layout_shoals, nicolae_shoals_aquamancer_cove, uniq_ilsuiw
Shoals:3: layout_shoals, uniq_kirke, uniq_bai_suzhen
Shoals:4: shoals_end_grunt_ice, layout_shoals, uniq_nikola
Spider:1: layout_spider_delve, drop_trap, uniq_donald
Spider:2: layout_spider_delve, gammafunk_ghost_grave, drop_trap
Spider:3: layout_spider_delve, drop_trap
Spider:4: floodkiller_spider_rune_tomb
Orc:1:    layout_caves, serial_shops, shop, shop, shop, shop, uniq_nergalle
Orc:2:    pf_orc_diabolical, layout_caves, uniq_saint_roka, uniq_nessos,
          uniq_azrael, uniq_snorg, uniq_josephine
Vaults:1: vaults_room_fours, v_misc_28, hangedman_vaults_pinch,
          hangedman_vaults_unwind, layout_vaults_omnigrid
Vaults:2: nicolae_vaults_little_squares_2, minmay_crypt_entry_skeletal_spiral,
          nicolae_vaults_ninety_degrees, nicolae_vaults_border_crossing,
          nicolae_vaults_rhombus_5, nicolae_vaults_ring_of_whatevers, v_misc_5,
          ontoclasm_vaults_shuriken, nicolae_vaults_big_angled_halls,
          vaults_room_door_ring, vaults_dpeg_diagonal, nicolae_vaults_big_ls,
          nicolae_vaults_what_the_h, ontoclasm_vaults_idyll,
          layout_vaults_omnicross
Vaults:3: grunt_vaults_hallway_short, vaults_mumra_hex, v_misc_2, st_eye,
          v_misc_29, v_misc_12, grunt_vaults_funnel,
          nicolae_vaults_little_squares_5, ontoclasm_vaults_eye,
          layout_vaults_big_room

Skill      XL: |  1  2  3  4  5  6  7  8  9 10 11 12 13 14 15 16 17 18 19 |
---------------+----------------------------------------------------------+-----
Spellcasting   | 3 4 5 6 8 9 10 12 13 14 15 16 17 18 19 20 | 20.0
Conjurations   | 1 2 3 4 5 7 |  7.0
Fire Magic     | 3 4 5 7 8 9 11 12 14 15 16 | 16.0
Fighting       | 1 2 3 5 |  5.0
Dodging        | 4 6 9 11 14 16 | 16.8
Shields        | 1 4 5 7 |  7.2
Earth Magic    | 2 4 6 |  6.0
Poison Magic   | 2 5 7 8 |  8.0
Stealth        | 6 10 11 | 11.3
Hexes          | 5 7 10 | 10.0
Short Blades   | 2 6 8 10 | 10.0
Armour         | 1 4 |  4.0

Action                   |  1- 3 |  4- 6 |  7- 9 | 10-12 | 13-15 | 16-18 | 19-21 || total
-------------------------+-------+-------+-------+-------+-------+-------+-------++-------
Melee: Dagger            |       |     5 |     2 |       |       |       |       ||     7
       Rapier            |       |       |     3 |    23 |    67 |     5 |       ||    98
       Quick blade       |       |       |       |     9 |   138 |   261 |    21 ||   429
 Cast: Foxfire           |   111 |   141 |   143 |    23 |     3 |       |       ||   421
       Searing Ray       |       |     1 |    31 |    26 |       |       |       ||    58
       Sticky Flame      |       |       |     7 |    19 |    53 |    38 |     1 ||   118
       Fireball          |       |       |       |   193 |   232 |    61 |       ||   486
       Bolt of Magma     |       |       |       |     5 |   261 |   543 |   145 ||   954
       Olgreb's Toxic Ra |       |       |       |     2 |    28 |    45 |       ||    75
       Apportation       |       |       |       |       |     8 |       |       ||     8
       Invisibility      |       |       |       |       |    10 |    10 |       ||    20
       Iron Shot         |       |       |       |       |     9 |     1 |       ||    10
       Ignition          |       |       |       |       |       |    22 |    10 ||    32
Evoke: Wand              |       |       |     3 |    11 |     9 |    10 |     2 ||    35
       Tin of tremorston |       |       |       |       |     3 |       |       ||     3
  Use: Scroll            |       |     6 |    12 |     8 |     8 |     5 |       ||    39
       Potion            |       |       |       |       |       |     2 |       ||     2
 Stab: Sleeping          |       |     1 |     1 |       |       |     1 |       ||     3
       Invisible         |       |       |       |       |    17 |     8 |       ||    25
       Distracted        |       |       |       |       |     1 |       |       ||     1
Armor: Robe              |     1 |     2 |     5 |     6 |     7 |     2 |       ||    23
       Troll leather arm |       |       |       |       |     9 |    21 |       ||    30
Dodge: Dodged            |    11 |    19 |    24 |    70 |   144 |   276 |    28 ||   572
Block: Other             |       |    11 |     9 |    11 |     8 |       |       ||    39
       Reflection        |       |       |     1 |       |     4 |    28 |     4 ||    37
       Buckler           |       |       |       |       |   122 |   281 |    18 ||   421

Table legend: (Time is in decaauts)
 A = Elapsed time spent in this place.
 B = Non-inter-level travel time spent in this place.
 C = Inter-level travel time spent in this place.
 D = Time resting spent in this place.
 E = Time spent auto-exploring this place.
 F = Levels seen in this place.
 G = Mean time per level.
                   A        B        C        D        E       F      G
               +--------+--------+--------+--------+--------+-----+--------+
         Total |  47531 |  45266 |   2265 |   6482 |  32406 |  35 | 1358.0 |
       Dungeon |  20337 |  19210 |   1127 |   2094 |  14494 |  15 | 1355.8 |
          Lair |   9022 |   8515 |    507 |   1725 |   5743 |   6 | 1503.7 |
        Shoals |   6046 |   5883 |    163 |    905 |   4134 |   4 | 1511.5 |
   Spider Nest |   5116 |   4950 |    166 |    836 |   3258 |   4 | 1279.0 |
  Orcish Mines |   1839 |   1717 |    122 |    605 |    693 |   2 |  919.5 |
        Vaults |   5064 |   4886 |    178 |    251 |   4082 |   3 | 1688.0 |
      Ice Cave |    104 |    104 |      0 |     65 |      0 |   1 |  104.0 |
               +--------+--------+--------+--------+--------+-----+--------+

Top non-repeatable levels by time:
Vaults:2: 2968 daAuts
Spider:4: 2696 daAuts
    D:12: 2399 daAuts
    D:13: 2380 daAuts
    D:14: 2184 daAuts
Vaults:1: 2093 daAuts
Shoals:4: 1905 daAuts
    D:11: 1827 daAuts
Shoals:3: 1685 daAuts
  Lair:2: 1640 daAuts
  Lair:5: 1621 daAuts
  Lair:6: 1611 daAuts
  Lair:4: 1609 daAuts
    D:15: 1604 daAuts
    D:10: 1483 daAuts
